 Dungeon Crawl Stone Soup version 0.26-a0-597-gb535b0901c (webtiles) character file.

Game seed: 4362615676733392795

(classic levelgen) 74 EnegeticOcto the Covered (level 4, 0/42 HPs)
             Began as a Deep Dwarf Fighter on Sept 2, 2020.
             Slain by an ogre
             ... wielding a +0 giant club
              (22 damage)
             ... on level 4 of the Dungeon.
             The game lasted 00:00:18 (374 turns).

EnegeticOcto the Covered (Deep Dwarf Fighter)        Turns: 374, Time: 00:00:18

Health: 0/42       AC:  7    Str: 20    XL:     4   Next: 10%
Magic:  3/3        EV:  7    Int:  9    God:
Gold:   62         SH:  9    Dex: 12    Spells: 3/3 levels left

rFire    . . .     SeeInvis .   a - +0 war axe
rCold    . . .     Faith    .   c - +0 kite shield
rNeg     . . .     Spirit   .   b - +0 scale mail
rPois    .         Reflect  .   (no helmet)
rElec    .         Harm     .   (no cloak)
rCorr    .                      (no gloves)
MR       .....                  (no boots)
Stlth    ..........             (no amulet)
HPRegen  0.00/turn              (no ring)
MPRegen  0.08/turn              (no ring)

@: non-regenerating
A: damage resistance, heal wounds, sense surroundings 1, no regeneration
a: Heal Wounds


You were on level 4 of the Dungeon.
You visited 1 branch of the dungeon, and saw 4 of its levels.

You collected 62 gold pieces.

Inventory:

Hand Weapons
 a - a +0 war axe (weapon)
Armour
 b - a +0 scale mail (worn)
 c - a +0 kite shield (worn)
Scrolls
 e - 2 scrolls of amnesia {unknown}
 f - a scroll of identify {unknown}
 g - a scroll of magic mapping {unknown}
 h - a scroll of teleportation {unknown}
 i - a scroll of fear {unknown}
Potions
 d - a potion of might {@q3}


   Skills:
 + Level 3.1 Fighting
 * Level 3.5 Axes
 + Level 3.8 Armour
 + Level 3.8 Shields


You had 3 spell levels left.
You didn't know any spells.
Your spell library was empty.

Dungeon Overview and Level Annotations

Branches:
Dungeon (4/15)
 Temple: D:4-7

Altars:


Innate Abilities, Weirdness & Mutations

You are resistant to damage.
You can heal yourself by infusing magical energy.
You passively map a small area around you.
You do not regenerate.


Message History

You are too injured to fight recklessly!
You are too injured to fight recklessly!
You are too injured to fight recklessly!
You are too injured to fight recklessly!
You are too injured to fight recklessly!
You are too injured to fight recklessly!
You are too injured to fight recklessly!
You are too injured to fight recklessly!
You are too injured to fight recklessly!
You are too injured to fight recklessly!
You are too injured to fight recklessly!
You are too injured to fight recklessly!
You are too injured to fight recklessly!
You are too injured to fight recklessly!
You fail to use your ability.
You block the gnoll's attack. The gnoll hits you with a +0 club.
You are too injured to fight recklessly!
You are too injured to fight recklessly!
You are too injured to fight recklessly!
You are too injured to fight recklessly!
You are too injured to fight recklessly!
You are too injured to fight recklessly!
You feel much better. You block the gnoll's attack.
You hit the gnoll.
The gnoll is severely wounded.
You hit the gnoll but do no damage. You block the gnoll's attack.
The gnoll hits you with a +0 whip. The gnoll barely misses you.
You slash the gnoll!
You kill the gnoll!
You barely miss the gnoll. The gnoll hits you but does no damage.
You barely miss the gnoll. The gnoll barely misses you.
You barely miss the gnoll. The gnoll hits you but does no damage.
The gnoll closely misses you.
You slash the gnoll!
The gnoll is severely wounded.
You block the gnoll's attack.
You closely miss the gnoll.
The gnoll is severely wounded.
You are no longer glowing.
The gnoll hits you with a +0 club!
You slash the gnoll!
You kill the gnoll!
You have reached level 4!
You feel clever.
You block the leopard gecko skeleton's attack.
You hit the leopard gecko skeleton.
The leopard gecko skeleton is severely damaged.
The leopard gecko skeleton closely misses you.
You barely miss the leopard gecko skeleton.
The leopard gecko skeleton is severely damaged.
The leopard gecko skeleton bites you but does no damage.
The leopard gecko skeleton bites you.
You slash the leopard gecko skeleton!
You destroy the leopard gecko skeleton!
No target in view!
No target in view!
No target in view!
No target in view!
No target in view!
No target in view!
No target in view!
No target in view!
No target in view!
No target in view!
Things that are here:
a +0 whip; a +0 spear; a gnoll corpse
Things that are here:
a +0 club; a +0 spear; a gnoll corpse
Found 16 sling bullets.
i - a scroll labeled WUEDAR VUFROEN An ogre comes into view.
It is wielding a +0 giant club.
The ogre shouts!
Found a silver wand.
You barely miss the ogre. You block the ogre's attack.
You slash the ogre!
The ogre is moderately wounded.
You block the ogre's attack.
Your shield prevents you from hitting the ogre.
The ogre is moderately wounded.
You block the ogre's attack.
Your shield prevents you from hitting the ogre.
The ogre is moderately wounded.
The ogre hits you but does no damage.
You barely miss the ogre.
The ogre is moderately wounded.
You block the ogre's attack.
You slash the ogre!
The ogre is heavily wounded.
You block the ogre's attack.
You barely miss the ogre.
The ogre is heavily wounded.
The ogre completely misses you.
You barely miss the ogre.
The ogre is heavily wounded.
The ogre hits you with a +0 giant club!
You slash the ogre!
The ogre is severely wounded.
The ogre hits you with a +0 giant club!!
Ouch! That really hurt!
You die...

* ,
#....../...#*
..........,*
**........ , ,
#...... ,
#.....,, , ,
##....##* *
##...O..# ,
#....@..#
##.....(.## ,
#.........#
##.........#
##.#........#
#..##.......#
##.###.......#
##.##
##.....## #..#
##..###


You could see an ogre.

Vanquished Creatures
  A gnoll shaman (D:4)
  4 gnolls (D:4)
  2 giant cockroaches
  A goblin (D:1)
  A hobgoblin (D:2)
  A bat (D:2)
  A leopard gecko skeleton (D:4)
  A rat (D:3)
12 creatures vanquished.

Vanquished Creatures (others)
  A plant (D:3)
1 creature vanquished.

Grand Total: 13 creatures vanquished

Notes
Turn   | Place    | Note
-------+----------+-------------------------------------------
     0 | D:1      | EnegeticOcto the Deep Dwarf Fighter began the quest for the
                  | Orb.
     0 | D:1      | Reached XP level 1. HP: 20/20 MP: 1/1
   309 | D:4      | Noticed a gnoll shaman
   326 | D:4      | Killed a gnoll shaman
   326 | D:4      | Reached XP level 2. HP: 23/28 MP: 1/1
   326 | D:4      | Reached XP level 3. HP: 28/34 MP: 2/2
   340 | D:4      | Reached XP level 4. HP: 29/42 MP: 3/3
   363 | D:4      | Noticed an ogre
   374 | D:4      | Slain by an ogre

Illustrated notes

Levels and vault maps discovered:
D:1:      dpeg_arrival_signposts, layout_basic, hex_tiny
D:2:      layout_basic, nicolae_gozag_seed_capital
D:3:      layout_loops_corners, lemuel_doored_altar, serial_bayou,
          serial_bayou_pond_c, serial_bayou_lagoon_a, serial_bayou_pond_d,
          serial_bayou_pond_b
D:4:      layout_cave_pods, dancing_weapons_uskayaw

Skill      XL: |  1 |
---------------+----+-----
Fighting       | 3 |  3.1
Axes           | 3 |  3.5
Armour         | |  3.8
Shields        | |  3.8

Action                   |  1- 3 |  4- 6 || total
-------------------------+-------+-------++-------
Melee: War axe           |    36 |    12 ||    48
 Abil: Heal Wounds       |     2 |       ||     2
Armor: Scale mail        |    20 |     2 ||    22
Dodge: Dodged            |    18 |     2 ||    20
Block: Kite shield       |    27 |     6 ||    33

Table legend: (Time is in decaauts)
 A = Elapsed time spent in this place.
 B = Non-inter-level travel time spent in this place.
 C = Inter-level travel time spent in this place.
 D = Time resting spent in this place.
 E = Time spent auto-exploring this place.
 F = Levels seen in this place.
 G = Mean time per level.
                   A        B        C        D        E       F      G
               +--------+--------+--------+--------+--------+-----+--------+
         Total |    394 |    349 |     45 |      0 |    234 |   4 |   98.5 |
       Dungeon |    394 |    349 |     45 |      0 |    234 |   4 |   98.5 |
               +--------+--------+--------+--------+--------+-----+--------+

Top non-repeatable levels by time:
     D:1: 184 daAuts
     D:4: 127 daAuts
     D:2: 68 daAuts
     D:3: 13 daAuts
